 Dungeon Crawl Stone Soup version 0.29.1-15-g9cfb28693d (webtiles) character file.

Game seed: 4041877131299625226

7 DemonSlayer the Digger (level 1, 0/13 HPs)
             Began as a Demonspawn Earth Elementalist on Mar 3, 2023.
             Slain by a kobold
             ... wielding a +4 short sword
              (7 damage)
             ... on level 2 of the Dungeon.
             The game lasted 00:00:42 (183 turns).

DemonSlayer the Digger (DsEE)                        Turns: 183, Time: 00:00:43

Health: 0/13       AC:  3    Str:  8    XL:     1   Next: 83%
Magic:  1/3        EV: 12    Int: 16    God:
Gold:   3          SH:  0    Dex: 13    Spells: 3/4 levels left

rFire   . . .      SeeInvis .   f - +0 short sword
rCold   . . .      Faith    .   (no shield)
rNeg    . . .      Spirit   .   a - +0 robe
rPois   .          Reflect  .   (no helmet)
rElec   .          Harm     .   c - +0 cloak
rCorr   +          Rampage  .   (no gloves)
Will    .....                   (no boots)
Stlth   ++........              (no amulet)
HPRegen 0.04/turn               d - ring of resist corrosion
MPRegen 0.08/turn               (no ring)

@: no status effects
A: no striking features
a: no special abilities


You were on level 2 of the Dungeon.
You visited 1 branch of the dungeon, and saw 2 of its levels.

You collected 3 gold pieces.

Inventory:

Hand Weapons
 f - a +0 short sword (weapon)
Armour
 a - a +0 robe (worn)
 c - a +0 cloak (worn)
Jewellery
 d - a ring of resist corrosion (left hand)
Potions
 b - a potion of magic
 e - 2 potions of brilliance {unknown}


   Skills:
 + Level 1.8 Dodging
 + Level 1.9 Stealth
 + Level 2.1 Spellcasting
 + Level 0.8 Transmutations
 + Level 2.9 Earth Magic


You had 3 spell levels left.
You knew the following spells:

 Your Spells              Type           Power      Damage    Failure   Level
a - Sandblast             Erth           22%        2d7       6%          1

Your spell library contained the following spells:

 Spells                   Type           Power      Damage    Failure   Level
 Passwall                 Tmut/Erth      5%         N/A       14%         2
 Stone Arrow              Conj/Erth      12%        3d7       32%         3
 Petrify                  Tmut/Erth      7%         N/A       67%         4


Dungeon Overview and Level Annotations

Branches:
Dungeon (1/15)

Altars:


Message History

You hear a shout!
You hear a bark! x2
The blast of sand hits the jackal!
You kill the jackal!
You hear a bark! x2
You can't see any susceptible monsters within range! (Use Z to cast anyway.)
A giant cockroach comes into view.
A giant cockroach is nearby!
A giant cockroach is nearby!
A giant cockroach is nearby! 2 jackals and a kobold come into view.
The jackal barks! x2; The kobold shouts!
A jackal comes into view.
There is an open door here.
You see here a jackal corpse.
The blast of sand hits the jackal but does no damage.
The jackal misses you.
You hit the jackal.
The jackal is heavily wounded.
The jackal closely misses you.
You are out of magic!
You are out of magic!
You are out of magic!
You are out of magic!
You are out of magic!
You hit the jackal.
The jackal is heavily wounded.
The jackal bites you. The jackal barely misses you. x2
The jackal bites you but does no damage.
Magic courses through your body. The jackal bites you.
The blast of sand misses the jackal.
The blast of sand hits the jackal.
You kill the jackal!
The blast of sand hits the jackal.
The jackal is severely wounded.
The jackal closely misses you. The jackal bites you.
The jackal closely misses you.
The blast of sand hits the jackal.
You kill the jackal!
The kobold hits you with a +4 short sword!
Ouch! That really hurt!
You die...

#....#
.....#
#..!.#
##....##
#......###
#.........
#.hB......
#K# #@#
#.# #.#
####.#
#....#
#....#
#....#
#....#
#....#


You could see a jackal, a giant cockroach and a kobold.

Vanquished Creatures
  A ball python (D:1)
  A giant cockroach (D:2)
  3 jackals (D:2)
  2 rats (D:1)
7 creatures vanquished.

Notes
Turn   | Place    | Note
-------+----------+-------------------------------------------
     0 | D:1      | DemonSlayer the Demonspawn Earth Elementalist began the
                  | quest for the Orb.
     0 | D:1      | Reached XP level 1. HP: 13/13 MP: 3/3
   130 | D:1      | Found a faded altar of an unknown god.
   149 | D:1      | You fall into a shaft and drop 1 floor!
   183 | D:2      | Slain by a kobold

Illustrated notes

Levels and vault maps discovered:
D:1:      amcnicky_arrival_wind_blow, layout_rooms, serial_glass,
          glass_columns_b, glass_columns_a, shapermc_ecumenical_altar_pompeii
D:2:      layout_basic, serial_shops, shop, lightli_corner_chamber

Action                   || total
-------------------------++-------
Melee: Short sword       ||     2
 Cast: Sandblast         ||     9
  Use: Potion            ||     1
Armor: Robe              ||     1
Dodge: Dodged            ||     6
